AoeStats
← EmirR6S

MegaRandom

507339288Analyzed
4v4 RM · 14d ago on Sep 17, 2026· 48m 55s· 8 players
Game mode
Random Map
Map size
Large (8 player)
Population
200
Speed
Normal
Resources
Standard
Victory
Conquest
Starting age
Dark Age
Ending age
Imperial Age
RankedLock teamsTeams togetherTeam positionsShared explorationLock speedFull tech treeHidden civsTurbo modeCheats
Victory
Defeat
🇷🇴 Vietnamese · Romania
902
+8
🇷🇴 Franks · Romania
817
+11
🇷🇴 Japanese · Romania
785
+12
🇷🇴 Mongols · Romania
759
+14
🇩🇪 Vietnamese · Germany
809
-14
🇧🇪 Burgundians · Belgium
697
-11
🇫🇷 Armenians · France
664
-10
🇬🇧 Maya · United Kingdom
662
-10
Rob1
11:59 Feudal Age
12:25 Double-Bit Axe
12:21 Horse Collar
15:07 Gold Mining
15:07 Stone Mining
20:42 Castle Age
20:07 Stone Mining
24:39 Heavy Plow
24:51 Bow Saw
31:39 Scale Mail Armor
32:53 Gold Shaft Mining
38:25 Imperial Age
37:31 Chain Mail Armor
37:17 Padded Archer Armor
37:08 Fletching
40:38 Capped Ram
Wiinte
11:32 Feudal Age
10:26 Horse Collar
10:55 Double-Bit Axe
20:20 Castle Age
18:45 Bow Saw
18:58 Gold Mining
19:11 Heavy Plow
19:13 Stone Mining
22:36 Pikeman
24:30 Squires
25:54 Caravan
27:38 Wheelbarrow
31:27 Hand Cart
LappeN³ | 5eth
0:30 Loom
15:39 Feudal Age
17:00 Double-Bit Axe
19:12 Wheelbarrow
18:19 Horse Collar
20:21 Gold Mining
20:24 Stone Mining
32:26 Castle Age
Monkey
0:31 Loom
11:49 Feudal Age
12:27 Double-Bit Axe
12:57 Fishing Lines
15:29 Wheelbarrow
15:04 Stone Mining
15:08 Gold Mining
20:25 Castle Age
18:11 Horse Collar
18:48 Fletching
21:35 Gillnets
22:05 Bodkin Arrow
25:30 Ballistics
25:08 Murder Holes
32:12 Padded Archer Armor
THE SUSPECT
13:34 Feudal Age
19:16 Castle Age
19:25 Double-Bit Axe
21:31 Gold Mining
21:36 Stone Mining
23:12 Wheelbarrow
22:50 Bow Saw
22:25 Horse Collar
25:11 Hand Cart
27:37 Elite Skirmisher
29:26 Pikeman
31:41 Fletching
31:51 Padded Archer Armor
40:09 Imperial Age
40:09 Bodkin Arrow
40:29 Leather Archer Armor
41:57 Elite Mangudai
44:03 Bracer
45:34 Parthian Tactics
47:21 Conscription
49:42 Ballistics
YANNICKKO
11:33 Feudal Age
16:30 Castle Age
16:53 Double-Bit Axe
21:50 Wheelbarrow
27:10 Bow Saw
31:21 Scale Barding Armor
31:33 Forging
34:55 Chain Barding Armor
35:10 Iron Casting
37:27 Hand Cart
42:26 Gold Mining
44:57 Gold Shaft Mining
48:10 Imperial Age
45:27 Loom
48:38 Cavalier
MDS Destroyer
13:16 Feudal Age
13:50 Double-Bit Axe
14:11 Fishing Lines
17:51 Castle Age
16:29 Horse Collar
17:50 Fletching
19:42 Gillnets
20:48 Wheelbarrow
20:28 Bow Saw
20:27 Bodkin Arrow
21:41 Medium Warships
22:44 Loom
24:41 Forging
25:12 Hand Cart
25:03 Pikeman
25:44 Squires
26:09 Scale Mail Armor
27:55 Iron Casting
28:20 Town Watch
28:46 Heavy Plow
31:01 Yasama
33:38 Imperial Age
31:30 Chain Mail Armor
36:01 Guard Tower
37:12 Chemistry
36:32 Ballistics
36:18 Siege Engineers
35:57 Halberdier
37:45 Keep
37:15 Bracer
38:15 Blast Furnace
37:46 Plate Mail Armor
37:18 Gold Mining
38:36 Murder Holes
42:17 Masonry
41:49 Treadmill Crane
42:06 Arson
42:45 Conscription
41:46 Elite Samurai
42:55 Stone Mining
46:43 Arrowslits
48:25 Gold Shaft Mining
EmirR6S
13:42 Feudal Age
14:43 Double-Bit Axe
17:35 Castle Age
17:26 Forging
20:04 Iron Casting
25:07 Fishing Lines
26:08 Wheelbarrow
27:10 Horse Collar
28:10 Gold Mining
30:33 Hand Cart
33:43 Loom
33:43 Town Watch
37:02 Imperial Age
35:00 Bow Saw
35:15 Stone Mining
35:32 Heavy Plow
36:12 Chatras
36:23 Scale Barding Armor
38:11 Gillnets
39:58 Paper Money
39:07 Capped Ram
41:43 Crop Rotation
42:15 Two-Man Saw
41:56 Stone Shaft Mining
42:46 Town Patrol
42:13 Elite Rattan Archer
45:00 Town Patrol
44:52 Fletching
45:02 Padded Archer Armor
45:03 Scale Mail Armor
48:35 Bodkin Arrow
48:55 Leather Archer Armor
Connection lost

Rejoining the realm…

Still unreachable

The connection could not be restored.

Session expired

The server has moved on; the page needs a fresh start.